 Dungeon Crawl Stone Soup version 0.31-a0-210-gccc998df9b (webtiles) character file.

Game seed: 4400803255883346635

184 qw the Shooter (level 5, -5/31 HPs)
             Began as a Gargoyle Hexslinger on June 30, 2023.
             Slain by an orc
             ... wielding a +0 flail
              (7 damage)
             ... on level 4 of the Dungeon.
             The game lasted 00:01:05 (2499 turns).

qw the Shooter (Gargoyle Hexslinger)                Turns: 2499, Time: 00:01:05

Health: -5/31      AC: 10    Str: 11    XL:     5   Next: 64%
Magic:  6/6        EV: 10    Int: 14    God:
Gold:   139        SH:  0    Dex: 14    Spells: 5/6 levels left

rFire   . . .        Y - +4 sling
rCold   . . .        (no shield)
rNeg    + . .        d - +0 ring mail
rPois   inf          c - +0 helmet
rElec   +            (no cloak)
rCorr   .            (no gloves)
SInv    .            (no boots)
Will    .....        (no amulet)
Stlth   +            (no ring)
HPRegen 0.25/turn    (no ring)
MPRegen 0.10/turn

%: no passive effects
@: about to teleport
A: sickness immunity, AC +4, negative energy resistance 1, electricity
resistance, torment resistance 1, petrification resistance
a: no special abilities


You were on level 4 of the Dungeon.
You visited 1 branch of the dungeon, and saw 4 of its levels.

You collected 186 gold pieces.
You spent 47 gold pieces at shops.


Innate Abilities, Weirdness & Mutations

You are immune to sickness and miasma.
Your stone body is resilient. (AC +4)
You are immune to poison.
You resist negative energy. (rN+)
You are resistant to electric shocks. (rElec)
You are resistant to unholy torment.
You are immune to petrification.


   Skills:
 + Level 2.3 Fighting
 - Level 5.1 Ranged Weapons
 - Level 1.0 Armour
 - Level 1.5 Dodging
 - Level 1.0 Spellcasting
 - Level 2.6 Hexes


You had 5 spell levels left.
You knew the following spells:

 Your Spells              Type           Power      Damage    Failure   Level
a - Slow                  Hex            32%        N/A       21%         1

Your spell library contained the following spells:

 Spells                   Type           Power      Damage    Failure   Level
 Inner Flame              Hex/Fire       4%         N/A       71%         3
 Portal Projectile        Hex/Tloc       8%         N/A       71%         3
 Cause Fear               Hex            4%         N/A       90%         4

Inventory:

Hand Weapons
 Y - a +4 sling (weapon)
Armour
 c - a +0 helmet (worn)
 d - a +0 ring mail (worn)
Scrolls
 a - 2 scrolls of teleportation
 b - a scroll of identify
Potions
 e - a potion of cancellation
 g - a potion of heal wounds {unknown}
 h - a potion of curing {unknown}
 j - a potion of berserk rage {unknown}
 k - a potion of mutation {unknown}

Dungeon Overview and Level Annotations

Branches:
Dungeon (4/15)
 Temple: D:4-7

Altars:

Shops:
D:1 *


Message History

You kill the orc!
An orc comes into view. It is wielding a +0 flail.
The orc shouts!
You hear a shout! x2
Enter note:
Enter note: You shoot a sling bullet.
The sling bullet hits the orc!
You kill the orc!
An orc warrior comes into view. It is wielding a +0 flail.
You shoot a sling bullet. The sling bullet hits the orc warrior.
The orc warrior is lightly wounded.
You shoot a sling bullet.
The sling bullet hits the orc warrior but does no damage.
The orc warrior is lightly wounded.
An orc comes into view. It is wielding a +0 flail.
You shoot a sling bullet. The sling bullet barely misses the orc.
You shoot a sling bullet. The sling bullet hits the orc warrior.
The orc warrior is moderately wounded.
You shoot a sling bullet. The sling bullet hits the orc warrior.
The orc warrior is moderately wounded.
You shoot a sling bullet.
The sling bullet hits the orc warrior but does no damage.
The orc warrior is moderately wounded.
An orc comes into view. It is wielding a +0 club.
The orc warrior hits you with a +0 flail!
You shoot a sling bullet.
The sling bullet closely misses the orc warrior.
The sling bullet barely misses the orc.
The orc shouts!
The orc warrior hits you with a +0 flail!
An ufetubus comes into view.
2498 ||| READING 3 scrolls of teleportation.
As you read the scroll of teleportation, it crumbles to dust.
You feel strangely unstable.
The ufetubus shouts!
The orc misses you.
The orc warrior hits you with a +0 flail.
You shoot a sling bullet.
The sling bullet closely misses the orc warrior.
The orc hits you with a +0 flail!
You die...

### #.... ....
...#)... ...
##...#.o5.####..
#..............# ####
#......##......# ...#
#......##....$.+ ...#
#......##.)oo..#
...###......##..@...#
............##......##
............##.......+
##......#......###...#
##......#....).# ...#
##......#............#
##......#............#
##......#...........##
##......######......+


You could see an orc warrior, 2 orcs and an ufetubus.

Vanquished Creatures
  A hound (D:4)
  A sleepcap (D:4)
  4 adders
  A worm (D:2)
  A dart slug (D:1)
  5 orcs
  3 bats
  8 endoplasms
  5 giant cockroaches
  6 goblins
  13 hobgoblins
  6 jackals
  2 quokkas
  5 ball pythons
  3 frilled lizards
  6 kobolds
  3 rats
73 creatures vanquished.

Notes
Turn   | Place    | Note
-------+----------+-------------------------------------------
     0 | D:1      | qw the Gargoyle Hexslinger began the quest for the Orb.
     0 | D:1      | Reached XP level 1. HP: 12/12 MP: 2/2
     0 | D:1      | 0 ||| qw: Version: 0.3-a-26-gee661ec
     0 | D:1      | 0 ||| qw: Game counter: 7185
     0 | D:1      | 0 ||| qw: Melee chars always use a shield: true
     0 | D:1      | 0 ||| qw: God list: Okawaru
     0 | D:1      | 0 ||| qw: Allow faded altars: false
     0 | D:1      | 0 ||| qw: Do Orc after clearing Dungeon:15 true
     0 | D:1      | 0 ||| qw: Do second Lair branch before Depths: true
     0 | D:1      | 0 ||| qw: Lair rune preference: random
     0 | D:1      | 0 ||| qw: Goals: Normal
     0 | D:1      | 0 ||| PLANNING D:1-11
   249 | D:1      | Found Wocon's Assorted Antiques.
   265 | D:1      | 265 ||| BUYING emerald potion (22 gold).
   265 | D:1      | Bought an emerald potion for 22 gold pieces
   265 | D:1      | 265 ||| BUYING scroll labelled ATUV ILIUKUPO (25 gold).
   265 | D:1      | Bought a scroll labelled ATUV ILIUKUPO for 25 gold pieces
   265 | D:1      | 265 ||| SHOPLISTING scroll labelled UXINUW LUKLUSM (25
                  | gold, have 6).
   265 | D:1      | 265 ||| SHOPLISTING scroll labelled WUALOK MULEXIMIE (25
                  | gold, have 6).
   265 | D:1      | 265 ||| SHOPLISTING scroll labelled XYORA VOSUIRI (25 gold,
                  | have 6).
   418 | D:1      | HP: 3/12 [kobold/+0 whip (1)]
   420 | D:1      | HP: 1/12 [kobold/+0 whip (3)]
   422 | D:1      | Reached XP level 2. HP: 1/16 MP: 3/3
   603 | D:1      | Reached skill level 3 in Ranged Weapons
   846 | D:1      | 846 ||| UPGRADING to +0 ring mail.
   856 | D:1      | 856 ||| DROPPING +0 robe.
   857 | D:1      | 857 ||| READING 2 scrolls labelled ATUV ILIUKUPO.
   861 | D:1      | 861 ||| READING scroll labelled SAJIGEHODU.
   862 | D:1      | 862 ||| READING scroll labelled WEUFEE OWUEPE.
   863 | D:1      | 863 ||| READING scroll labelled FUMNOG BEASEUL.
   864 | D:1      | 864 ||| DROPPING scroll of poison.
   883 | D:2      | Reached XP level 3. HP: 21/21 MP: 4/4
  1223 | D:2      | Reached XP level 4. HP: 26/26 MP: 5/5
  1312 | D:2      | 1312 ||| READING scroll of enchant weapon.
  1312 | D:2      | 1312 ||| ENCHANTING +2 sling.
  1497 | D:2      | Reached skill level 4 in Ranged Weapons
  1614 | D:2      | 1614 ||| UPGRADING to +0 helmet.
  1619 | D:2      | 1619 ||| READING 3 scrolls labelled XYORA VOSUIRI.
  1620 | D:2      | 1620 ||| READING 2 scrolls of identify.
  1620 | D:2      | 1620 ||| IDENTIFYING bubbling puce potion
  1646 | D:3      | 1646 ||| STAIRDANCE
  1801 | D:3      | Reached skill level 1 in Armour
  1856 | D:3      | 1856 ||| READING scroll of enchant weapon.
  1856 | D:3      | 1856 ||| ENCHANTING +3 sling.
  2259 | D:3      | 2259 ||| READING scroll labelled WUALOK MULEXIMIE.
  2260 | D:3      | 2260 ||| READING 2 scrolls of identify.
  2260 | D:3      | 2260 ||| IDENTIFYING emerald potion
  2261 | D:3      | 2261 ||| DROPPING potion of degeneration.
  2274 | D:4      | 2274 ||| PLANNING SEWER
  2319 | D:4      | Reached XP level 5. HP: 23/30 MP: 6/6
  2333 | D:4      | Reached skill level 5 in Ranged Weapons
  2490 | D:4      | Noticed an orc warrior
  2497 | D:4      | HP: 7/31 [orc warrior/+0 flail (10)]
  2498 | D:4      | 2498 ||| READING 3 scrolls of teleportation.
  2498 | D:4      | HP: 2/31 [orc warrior/+0 flail (5)]
  2499 | D:4      | Slain by an orc

Levels and vault maps discovered:
D:1:      ldierk_walled_garden, layout_basic, serial_shops, shop,
          minmay_misc_feat_nine_boxes
D:2:      layout_basic
D:3:      layout_loops_ring
D:4:      minmay_opposing_rooms, layout_basic, temple_hall,
          gup_sewer_entry_bowl, uniq_sigmund

Skill      XL: |  1  2  3  4  5 |
---------------+----------------+-----
Ranged Weapons | 3 4 5 |  5.1
Fighting       | 2 |  2.3
Armour         | 1 |  1.0
Dodging        | |  1.5
Spellcasting   | |  1.0
Hexes          | |  2.6

Action                     |  1- 3 |  4- 6 || total
---------------------------+-------+-------++-------
   Fire: Sling             |   130 |   141 ||   271
    Use: Scroll            |     4 |     7 ||    11
 Armour: Robe              |     3 |       ||     3
         Ring mail         |    38 |    68 ||   106
  Dodge: Dodged            |    59 |    75 ||   134

Table legend:
 A = Non-vault XP
 B = Vault XP
 C = Vault XP percentage of total XP
 D = Non-vault monster count
 E = Vault monster count
 F = Vault count percentage of total count
                 A         B        C        D         E       F
            +---------+---------+-------+---------+---------+-------
      Total |     167 |      97 |  36.7 |      63 |      10 |  13.7
            +---------+---------+-------+---------+---------+-------
        D:1 |      24 |       0 |   0.0 |      13 |       0 |   0.0
        D:2 |      76 |       0 |   0.0 |      28 |       0 |   0.0
        D:3 |      54 |       0 |   0.0 |      17 |       0 |   0.0
        D:4 |      13 |      97 |  88.2 |       5 |      10 |  66.7
            +---------+---------+-------+---------+---------+-------
